 Dungeon Crawl Stone Soup version 0.19.1 (webtiles) character file.

170 KingBobo974 the Sneak (level 5, -14/26 HPs)
             Began as a Vine Stalker Assassin on Dec 12, 2016.
             Demolished by an ogre
             ... wielding a +0 giant club
              (23 damage)
             ... on level 3 of the Dungeon.
             The game lasted 00:06:21 (1417 turns).

KingBobo974 the Sneak (Vine Stalker Assassin)       Turns: 1417, Time: 00:06:22

Health: -14/26     AC:  3    Str: 14    XL:     5   Next: 50%
Magic:  0/6        EV: 12    Int: 11    God:
Gold:   120        SH:  2    Dex: 16    Spells: 0 memorised, 4 levels left

rFire  . . .     SeeInvis .     a - +6 dagger
rCold  . . .     Gourm    .     c - +0 robe
rNeg   . . .     Faith    .     (no shield)
rPois  .         Spirit   +     (no helmet)
rElec  .         Reflect  +     d - +0 cloak
rCorr  .         Harm     .     (no gloves)
MR     .....                    (no boots)
Stlth  +++.......               i - +2 amulet of reflection
                                (no ring)
                                (no ring)

@: lethally poisoned (-14 -> -14)
A: fangs 2, regeneration 1, magic shield, antimagic bite, no device heal 3, rot
immunity
a: no special abilities


You were on level 3 of the Dungeon.
You were not hungry.

You visited 1 branch of the dungeon, and saw 3 of its levels.

You collected 120 gold pieces.

Inventory:

Hand Weapons
 a - a +6 dagger (weapon)
 b - a +0 blowgun
Missiles
 e - 8 poisoned needles
 f - 2 curare-tipped needles
Armour
 c - a +0 robe (worn)
 d - a +0 cloak (worn)
 k - a +0 cloak
Jewellery
 i - a +2 amulet of reflection (around neck)
 q - an uncursed amulet of guardian spirit
Wands
 l - a wand of paralysis (11/24)
Scrolls
 h - 2 scrolls of identify
 m - 2 scrolls of remove curse {unknown}
Potions
 j - 3 potions of curing {unknown}
 o - a potion of invisibility {unknown}
 r - a potion of heal wounds {unknown}
Comestibles
 g - 2 bread rations
 n - 2 fruits
 p - a meat ration


   Skills:
 - Level 1.7 Fighting
 * Level 3.1 Short Blades
 - Level 1.7 Throwing
 + Level 1.9 Dodging
 * Level 6.7 Stealth


You had 4 spell levels left.
You didn't know any spells.

Dungeon Overview and Level Annotations

Branches:
Dungeon (3/15)

Altars:


Innate Abilities, Weirdness & Mutations

You have extremely sharp teeth.
Your natural rate of healing is unusually fast.
When hurt, damage is shared between your health and your magic reserves.
Your bite disrupts and absorbs the magic of your enemies.
Potions and wands cannot restore your health.
You are immune to rotting.


Message History

An adder comes into view.
You feel sick.
The helpless adder fails to defend itself.
You impale the adder!!
You kill the adder!
You feel sick. The ogre barely misses you.
You see here an adder corpse.
The ogre closely misses you.
You feel sick.
Found a ring mail.
You feel sick.
Found a mace.
You feel sick.
You see here a ring mail.
You completely miss the ogre. You bite the ogre. You drain its power.
You feel invigorated.
The ogre is lightly wounded.
The ogre hits you with a giant club!!
Ouch! That really hurt!
You die...

#####>.....
#..).......
#.###.##### # #.# #.
#######.####
##.#######..........##
#)..#...##.#####.##...
#.......##.# #.# ##
#@..##.# #.# #
##O###.# #.# # #.# #.#
#.# # #.# #.# #.#####
#.# #.# ...... #.# #.#
###### #.# #.# # #.#
#.# #.###.##


You could see an ogre.

Vanquished Creatures
  A jelly (D:3)
  Ijyb (D:3)
  6 adders
  An ooze (D:1)
  2 worms (D:3)
  2 dart slugs (D:1)
  A leopard gecko (D:1)
  8 bats
  6 goblins
  5 hobgoblins
  A quokka (D:3)
  5 frilled lizards
  6 kobolds
  9 rats
54 creatures vanquished.

Notes
Turn   | Place    | Note
-------+----------+-------------------------------------------
     0 | D:1      | KingBobo974 the Vine Stalker Assassin began the quest for the Orb.
     0 | D:1      | Reached XP level 1. HP: 11/11 MP: 2/2
   125 | D:1      | Reached skill level 1 in Dodging
   125 | D:1      | Reached skill level 5 in Stealth
   125 | D:1      | Reached XP level 2. HP: 13/15 MP: 3/3
   405 | D:1      | Reached XP level 3. HP: 18/18 MP: 4/4
   898 | D:2      | Gained mutation: Your natural rate of healing is unusually fast. [Vine Stalker growth]
   898 | D:2      | Reached XP level 4. HP: 21/23 MP: 3/5
   934 | D:2      | Reached skill level 6 in Stealth
  1100 | D:3      | Noticed Ijyb
  1100 | D:3      | Noticed an ogre
  1107 | D:3      | Killed Ijyb
  1348 | D:3      | Reached XP level 5. HP: 20/26 MP: 4/6
  1417 | D:3      | Demolished by an ogre

Skill      XL: |  1  2  3  4  5 |
---------------+----------------+-----
Short Blades   | 2 3 |  3.1
Dodging        | 1 |  1.9
Stealth        | 5 6 |  6.7
Fighting       | |  1.7
Throwing       | |  1.7

Action                   |  1- 3 |  4- 6 || total
-------------------------+-------+-------++-------
Melee: Dagger            |    65 |    44 ||   109
       Bite              |    13 |    12 ||    25
  Use: Scroll            |     4 |     5 ||     9
 Stab: Sleeping          |    14 |    10 ||    24
  Eat: Bread ration      |       |     1 ||     1
Armor: Robe              |    19 |       ||    19
Dodge: Dodged            |    39 |    19 ||    58
Block: Other             |       |     2 ||     2
